 Dungeon Crawl Stone Soup version 0.31-a0-187-gba352fbbf7 (webtiles) character file.

Game seed: 1489378001540962542

84 Dittersdorf the Trooper (level 4, 0/29 HPs)
             Began as a Gargoyle Fighter on June 22, 2023.
             Slain by Sigmund
             ... wielding a +0 scythe
              (5 damage)
             ... on level 1 of the Dungeon.
             The game lasted 00:01:26 (1302 turns).

Dittersdorf the Trooper (Gargoyle Fighter)          Turns: 1302, Time: 00:01:27

Health: 0/29       AC: 10    Str: 21    XL:     4   Next: 46%
Magic:  4/4        EV:  9    Int:  9    God:
Gold:   71         SH:  0    Dex:  9    Spells: 3/3 levels left

rFire   . . .        a - +0 flail
rCold   . . .        c - +0 buckler
rNeg    + . .        b - +0 scale mail
rPois   ∞            (no helmet)
rElec   +            (no cloak)
rCorr   .            (no gloves)
SInv    .            (no boots)
Will    .....        (no amulet) Stlth
                     (no ring)
HPRegen 0.24/turn    (no ring)
MPRegen 0.09/turn

%: no passive effects
@: confused
A: sickness immunity, AC +3, negative energy resistance 1, electricity
resistance, torment resistance 1, petrification resistance
a: no special abilities


You were on level 1 of the Dungeon.
You visited 1 branch of the dungeon, and saw 2 of its levels.

You collected 71 gold pieces.

Inventory:

Hand Weapons
 a - a +0 flail (weapon)
Armour
 b - a +0 scale mail (worn)
 c - a +0 buckler (worn)
Scrolls
 j - a scroll of amnesia {unknown}
 l - a scroll of identify {unknown}
 m - a scroll of vulnerability {unknown}
 n - a scroll of teleportation {unknown}
Potions
 d - a potion of might
 e - 2 potions of brilliance {unknown}
 f - 2 potions of heal wounds {unknown}
 g - a potion of mutation {unknown}
 h - a potion of degeneration {unknown}
 i - a potion of invisibility {unknown}
 k - 2 potions of curing {unknown}


   Skills:
 + Level 4.0 Fighting
 + Level 2.7 Maces & Flails
 + Level 4.0 Armour
 + Level 4.0 Shields


You had 3 spell levels left.
You didn't know any spells.
Your spell library was empty.

Dungeon Overview and Level Annotations

Branches:
Dungeon (2/15)

Altars:

Annotations:
D:1 Sigmund


Innate Abilities, Weirdness & Mutations

You are immune to sickness and miasma.
Your stone body is resilient. (AC +3)
You are immune to poison.
You resist negative energy. (rN+)
You are resistant to electric shocks. (rElec)
You are resistant to unholy torment.
You are immune to petrification.


Message History

You climb downwards.
Level annotation: Sigmund You block Sigmund's attack.
There is a stone staircase leading up here.
Sigmund closely misses you.
There is a stone staircase leading up here.
Sigmund gestures at you while chanting. You resist with some effort.
You climb upwards.
There is a stone staircase leading down here.
You closely miss Sigmund. Sigmund casts a spell at you.
You are confused.
You miss Sigmund. Sigmund hits you with a +0 scythe.
You closely miss Sigmund. Sigmund closely misses you.
You bump into the rock wall.
Sigmund closely misses you.
You hit Sigmund but do no damage. You miss Sigmund.
You feel less confused. Sigmund casts a spell at you.
You resist with some effort. Sigmund hits you with a +0 scythe.
You barely miss Sigmund. You closely miss Sigmund.
Sigmund hits you but does no damage.
You barely miss Sigmund. Sigmund barely misses you.
You barely miss Sigmund. Sigmund hits you with a +0 scythe!
You completely miss Sigmund. Sigmund barely misses you.
You closely miss Sigmund. Sigmund hits you with a +0 scythe.
You hit Sigmund.
Sigmund is moderately wounded.
Sigmund gestures at you while chanting.
You are confused.
You bump into the rock wall.
Sigmund hits you with a +0 scythe.
You bump into the rock wall.
You hit Sigmund.
Sigmund is heavily wounded.
Sigmund says, "You will soon forget everything."
Sigmund hits you with a +0 scythe!
* * * LOW HITPOINT WARNING * * *
You're too confused to move!
Sigmund hits you with a +0 scythe.
You die...

..# #######.....†###.# #. ..#
#...##.....# #. ..# #...##.....#
#. ..#########...##.....# #.
..........'...##.....# #.
....#######...##..)..###########.
.#.......#######.................
.#.#####.#########'#.............
.+......).......@#.##############
.#.####....#####@#.#
.#.............#.#.#########
.##########.##.#.#.........#
.......#..#.##.#.#.....)...#
........#.#.##.#.#.........#
.#.......##................######
.#.#......####.......#.###.......
.#(##.....#####..#####.# #..#####


You could see Sigmund.

Vanquished Creatures
  3 adders (D:2)
  2 dart slugs
  An orc (D:2)
  3 endoplasms
  3 giant cockroaches (D:1)
  4 goblins (D:1)
  4 hobgoblins (D:1)
  6 jackals
  5 quokkas
  A ball python (D:2)
  5 bats
  2 frilled lizards (D:1)
  6 kobolds
  3 rats
48 creatures vanquished.

Notes
Turn   | Place    | Note
-------+----------+-------------------------------------------
     0 | D:1      | Dittersdorf the Gargoyle Fighter began the quest for the
                  | Orb.
     0 | D:1      | Reached XP level 1. HP: 14/14 MP: 1/1
    43 | D:1      | Reached XP level 2. HP: 16/19 MP: 2/2
   378 | D:1      | Reached XP level 3. HP: 22/23 MP: 3/3
   843 | D:2      | Reached XP level 4. HP: 17/29 MP: 4/4
  1199 | D:2      | Noticed Sigmund
  1302 | D:1      | Slain by Sigmund

Illustrated notes

Levels and vault maps discovered:
D:1:      matt_arrival_grand_opening, layout_basic
D:2:      layout_rooms, serial_aquarium, aquarium_bridge_long_separate
          [aquarium_subvault_bridge, aquarium_subvault_bridge,
          aquarium_subvault_bridge, aquarium_subvault_wall,
          aquarium_subvault_bridge, aquarium_subvault_wall],
          aquarium_bridge_square [aquarium_subvault_wall,
          aquarium_subvault_bridge, aquarium_subvault_wall,
          aquarium_subvault_bridge], aquarium_window_1, aquarium_window_3,
          aquarium_window_fake, aquarium_view_2e, aquarium_view_2c,
          aquarium_pool_1, uniq_sigmund

Skill      XL: |  1  2  3  4 |
---------------+-------------+-----
Fighting       | 4 |  4.0
Shields        | 4 |  4.0
Armour         | 4 |  4.0
Maces & Flails | |  2.7

Action                     |  1- 3 |  4- 6 || total
---------------------------+-------+-------++-------
  Melee: Flail             |   138 |    46 ||   184
 Armour: Scale mail        |   121 |    39 ||   160
  Dodge: Dodged            |    97 |    24 ||   121
  Block: Buckler           |    38 |    18 ||    56

Table legend: (Time is in decaauts)
 A = Elapsed time spent in this place.
 B = Non-inter-level travel time spent in this place.
 C = Inter-level travel time spent in this place.
 D = Time resting spent in this place.
 E = Time spent auto-exploring this place.
 F = Levels seen in this place.
 G = Mean time per level.
                   A        B        C        D        E       F      G
               +--------+--------+--------+--------+--------+-----+--------+
         Total |   1360 |   1343 |     17 |     90 |    870 |   2 |  680.0 |
       Dungeon |   1360 |   1343 |     17 |     90 |    870 |   2 |  680.0 |
               +--------+--------+--------+--------+--------+-----+--------+

Top non-repeatable levels by time:
     D:1: 859 daAuts
     D:2: 501 daAuts
